 Dungeon Crawl Stone Soup version 0.27-a0-1090-gb115f176c6 (webtiles) character file.

Game seed: 1919552725880275237

7739 littlecub the Fighter (level 11, -12/90 HPs)
             Began as a Demonspawn Berserker on Apr 21, 2021.
             Was an Elder of Trog.
             Mangled by a tyrant leech (18 damage)
             ... on level 10 of the Dungeon on Apr 27, 2021.
             The game lasted 00:17:44 (12333 turns).

littlecub the Fighter (Demonspawn Berserker)       Turns: 12333, Time: 00:17:45

Health: -12/90     AC: 12    Str: 25    XL:     11   Next: 0%
Magic:  11/11      EV: 11    Int:  9    God:    Trog [****..]
Gold:   609        SH: 14    Dex: 12    Spells: 10/10 levels left

rFire    . . .     SeeInvis +   o - +0 war axe
rCold    . . .     Faith    .   n - +0 kite shield
rNeg     . . .     Spirit   .   a - +1 ring mail "Anlaurer" {-Tele +Inv rElec Str+4}
rPois    .         Reflect  .   u - +1 hat
rElec    +         Harm     .   (no cloak)
rCorr    .         Rampage  .   (no gloves)
Will     +....     NoTele   +   (no boots)
Stlth    +.........             k - amulet of the acrobat
HPRegen  0.25/turn              t - ring of see invisible
MPRegen  0.12/turn              q - ring of willpower

@: mighty, on berserk cooldown, slowed, very slow
A: claws 2, horns 2, talons 1, icemail 1, powered by death 1, condensation
shield
a: Renounce Religion, Evoke Invisibility, Berserk, Trog's Hand, Brothers in Arms


You were on level 10 of the Dungeon.
You worshipped Trog.
Trog was greatly pleased with you.
You visited 1 branch of the dungeon, and saw 10 of its levels.

You collected 609 gold pieces.

Inventory:

Hand Weapons
 d - a +2 whip of flaming
 o - a +0 war axe (weapon)
Armour
 a - the +1 ring mail "Anlaurer" (worn) {-Tele +Inv rElec Str+4}
   (You found it on level 4 of the Dungeon)

   It affects your strength (+4).
   It insulates you from electricity.
   It lets you turn invisible.
   It prevents most forms of teleportation.
 g - a +0 tower shield
 n - a +0 kite shield (worn)
 u - a +1 hat (worn)
 E - a +0 plate armour
Jewellery
 e - a ring of fire
 h - a ring of positive energy
 k - an amulet of the acrobat (around neck)
 l - an amulet of reflection
 q - a ring of willpower (right claw)
 t - a ring of see invisible (left claw)
 F - a +4 ring of protection
Wands
 p - a wand of mindburst (10)
 y - a wand of flame (70)
 z - a wand of charming (7)
 A - a wand of paralysis (10)
 D - a wand of acid (5)
 H - a wand of iceblast (10)
Scrolls
 b - 3 scrolls of teleportation
 f - a scroll of holy word
 j - a scroll of silence
 m - a scroll of fog
 v - a scroll of magic mapping
 w - 3 scrolls of enchant armour
 C - a scroll of summoning {unknown}
Potions
 c - 3 potions of attraction
 i - 3 potions of curing
 r - a potion of mutation {unknown}
 s - a potion of berserk rage
 x - a potion of ambrosia
 B - a potion of might
 G - a potion of cancellation {unknown}


   Skills:
 * Level 9.7 Fighting
 * Level 8.9 Axes
 + Level 6.1 Armour
 + Level 6.1 Dodging
 + Level 5.5 Shields


You had 10 spell levels left.
You didn't know any spells.
Your spell library was empty.

Dungeon Overview and Level Annotations

Branches:
Dungeon (10/15)            Temple (0/1) D:5            Lair (0/6) D:9
    Orc: D:9-12

Altars:
Elyvilon
Fedhas
Hepliaklqana
Makhleb
Nemelex Xobeh
Ru
Sif Muna
Wu Jian
Yredelemnul

Shops:
D:1 =   D:7 ((=:[

Annotations:
D:8 3 runed translucent doors, Zeld's ghost, novice OpCj


Innate Abilities, Weirdness & Mutations

You have very sharp fingernails.
You have a pair of horns on your head.
You have sharp toenails.
A meltable icy envelope protects you from harm. (AC +4)
You regenerate a little health from kills.
A meltable shield of frost defends you. (SH +4)


Message History

The tyrant leech bites you.
The tyrant leech draws strength from your injuries!
The tyrant leech bites you!!
* * * LOW HITPOINT WARNING * * *
The tyrant leech draws strength from your injuries!
You are too injured to fight recklessly!
You are too injured to fight recklessly!
You are too injured to fight recklessly!
You are too injured to fight recklessly!
You are too injured to fight recklessly!
You feel better. The tyrant leech barely misses you.
The tyrant leech bites you!
* * * LOW HITPOINT WARNING * * *
The tyrant leech draws strength from your injuries!
Press: ? - help, v - describe, . - travel The floor, spattered with blood.
Unknown command.
Okay, then.
Press: ? - help, v - describe, . - travel
Here: a vampire (almost destroyed, slightly transparent)
The floor.
You feel better. The tyrant leech bites you.
* * * LOW HITPOINT WARNING * * *
The tyrant leech draws strength from your injuries!
You block the tyrant leech's attack. x2
You feel very mighty all of a sudden.
The tyrant leech bites you but does no damage.
You block the tyrant leech's attack.
As you read the scroll of fog, it crumbles to dust.
The scroll dissolves into smoke.
The tyrant leech bites you.
* * * LOW HITPOINT WARNING * * *
The tyrant leech draws strength from your injuries!
You block the tyrant leech's attack. The tyrant leech bites you!
* * * LOW HITPOINT WARNING * * *
The tyrant leech draws strength from your injuries!
You feel better. The tyrant leech bites you.
* * * LOW HITPOINT WARNING * * *
The tyrant leech draws strength from your injuries!
The tyrant leech bites you!!
You die...

.... .... .....
..... .!....
##########Z.....
#.....§§wwV.....
#.....§§@#
#.....§§§#
#.....§§§#
#........#
#........#
#......(.#
#........#######
#.......[.>.....
#........#######


You could see 2 tyrant leeches, a vampire (invisible) and a centaur warrior
zombie.

Vanquished Creatures
  Erica (D:9)
  Joseph (D:10)
  A gargoyle (D:10)
  A troll (D:10)
  A hornet (D:8)
  A spriggan (D:9)
  A wyvern (D:10)
  2 vampire mosquitoes (D:10)
  A steam dragon (D:9)
  2 wargs (D:9)
  3 water moccasins
  3 black bears
  3 orc warriors
  2 hornet zombies
  2 sky beasts
  An ogre (D:6)
  8 centaurs
  2 kobold brigands
  Blork the orc (D:4)
  2 wyvern zombies
  5 bullfrogs
  A gnoll sergeant (D:7)
  A water moccasin zombie (D:5)
  A water moccasin skeleton (D:5)
  A wyvern skeleton (D:5)
  18 killer bees
  9 wights
  A howler monkey (D:6)
  2 centaur zombies
  2 bullfrog zombies
  2 jellies (D:5)
  A centaur skeleton (D:7)
  5 orc priests
  3 hounds
  2 bullfrog skeletons (D:6)
  Jessica (D:3)
  An iguana (D:4)
  7 orc wizards
  A killer bee zombie (D:7)
  4 howler monkey zombies
  2 howler monkey skeletons
  6 gnolls
  12 adders
  2 ufetubi
  3 worms
  5 dart slugs
  19 orcs
  9 endoplasms
  2 giant cockroaches
  9 goblins
  8 hobgoblins
  13 jackals
  A quokka (D:1)
  9 ball pythons
  5 bats
  8 frilled lizards
  22 kobolds
  6 rats
248 creatures vanquished.

Vanquished Creatures (others)
  5 plants
5 creatures vanquished.

Grand Total: 253 creatures vanquished

Notes
Turn   | Place    | Note
-------+----------+-------------------------------------------
     0 | D:1      | littlecub the Demonspawn Berserker began the quest for the
                  | Orb.
     0 | D:1      | Reached XP level 1. HP: 18/18 MP: 1/1
     0 | D:1      | Upgraded the game from 0.27-a0-1060-gcb85b5eba1 to
                  | 0.27-a0-1090-gb115f176c6
   296 | D:1      | Found a faded altar of an unknown god.
   516 | D:1      | Gained mutation: A meltable shield of frost defends you.
                  | (SH +4) [demonic ancestry]
   516 | D:1      | Reached XP level 2. HP: 14/24 MP: 2/2
   958 | D:1      | Reached ** piety under Trog
   959 | D:1      | Gained mutation: You have sharp toenails. [demonic
                  | ancestry]
   959 | D:1      | Reached XP level 3. HP: 29/29 MP: 3/3
   979 | D:1      | Found Byviacki's Jewellery Shop.
  1565 | D:2      | Reached XP level 4. HP: 4/37 MP: 4/4
  1569 | D:2      | HP: 1/37 [poisoned by an adder]
  2540 | D:3      | Reached skill level 4 in Fighting
  2634 | D:3      | Reached *** piety under Trog
  2706 | D:3      | Noticed Jessica
  2730 | D:3      | Killed Jessica
  2731 | D:3      | Gained mutation: You have a pair of small horns on your
                  | head. [demonic ancestry]
  2731 | D:3      | Reached XP level 5. HP: 38/42 MP: 5/5
  3768 | D:4      | Reached skill level 1 in Shields
  4095 | D:4      | Noticed a black bear
  4104 | D:4      | Killed a black bear
  4105 | D:4      | Reached XP level 6. HP: 49/49 MP: 6/6
  4187 | D:4      | Noticed Blork the orc
  4197 | D:4      | Killed Blork the orc
  4214 | D:4      | Identified the +1 ring mail "Anlaurer" {-Tele +Inv rElec
                  | Str+4}
  4587 | D:4      | Found a sparkling altar of Nemelex Xobeh.
  4702 | D:5      | Entered Level 5 of the Dungeon
  4709 | D:5      | Reached skill level 5 in Fighting
  4710 | D:5      | Gained mutation: You have sharp fingernails. [demonic
                  | ancestry]
  4710 | D:5      | Reached XP level 7. HP: 45/56 MP: 7/7
  5092 | D:5      | Found a burning altar of Makhleb.
  5096 | D:5      | Found an ornate altar of the Wu Jian Council.
  5096 | D:5      | Found a sacrificial altar of Ru.
  5130 | D:5      | Reached skill level 5 in Axes
  5452 | D:5      | Gained mutation: A meltable icy envelope protects you from
                  | harm. (AC +4) [demonic ancestry]
  5452 | D:5      | Reached XP level 8. HP: 64/64 MP: 8/8
  5693 | D:5      | Found a staircase to the Ecumenical Temple.
  5781 | D:6      | Reached skill level 6 in Fighting
  5929 | D:6      | Found a blossoming altar of Fedhas.
  6365 | D:6      | Found a shimmering blue altar of Sif Muna.
  6394 | D:6      | Reached **** piety under Trog
  6723 | D:7      | Found Dishrocro's Book Shop.
  6765 | D:7      | Found Vocrauk's Antique Armour Emporium.
  6850 | D:7      | Reached skill level 7 in Fighting
  6851 | D:7      | Gained mutation: You have very sharp fingernails. [demonic
                  | ancestry]
  6851 | D:7      | Reached XP level 9. HP: 57/72 MP: 9/9
  7056 | D:7      | Found Qoq Ryboocuf's Weapon Boutique.
  7080 | D:7      | Found Efeqo's Weapon Shoppe.
  7144 | D:7      | Found Aloimi's Jewellery Emporium.
  7567 | D:7      | Reached skill level 5 in Armour
  8018 | D:8      | Paralysed by a hornet for 2 turns
  8023 | D:8      | Reached skill level 8 in Fighting
  8023 | D:8      | Reached skill level 5 in Dodging
  8675 | D:8      | Found a runed translucent gate.
  8675 | D:8      | Found a runed translucent gate.
  8675 | D:8      | Found a runed translucent gate.
  8675 | D:8      | Noticed Zeld's ghost (novice OpCj)
  8677 | D:8      | Found a basalt altar of Yredelemnul.
  8792 | D:8      | Gained mutation: You have a pair of horns on your head.
                  | [demonic ancestry]
  8792 | D:8      | Reached XP level 10. HP: 63/82 MP: 10/10
  9450 | D:9      | Found a staircase to the Lair.
  9452 | D:9      | Noticed Erica
  9469 | D:9      | Killed Erica
  9853 | D:9      | Reached skill level 9 in Fighting
 10138 | D:9      | Reached skill level 5 in Shields
 10621 | D:9      | Reached ***** piety under Trog
 11718 | D:9      | Found a hazy altar of Hepliaklqana.
 11806 | D:10     | Entered Level 10 of the Dungeon
 11953 | D:10     | Noticed a gargoyle
 11959 | D:10     | Killed a gargoyle
 12027 | D:10     | Noticed Joseph
 12045 | D:10     | Killed Joseph
 12319 | D:10     | Gained mutation: You regenerate a little health from kills.
                  | [demonic ancestry]
 12319 | D:10     | Reached XP level 11. HP: 90/90 MP: 11/11
 12332 | D:10     | HP: 2/90 [tyrant leech (16)]
 12333 | D:10     | Mangled by a tyrant leech

Illustrated notes

Levels and vault maps discovered:
D:1:      amcnicky_arrival_feature_with_door, layout_basic,
          hellmonk_ecumenical_altar_run_dry, serial_shops, nicolae_shop_stone
D:2:      layout_loops_ring, basic_altar
D:3:      minmay_razor_zed, layout_rooms, chequers_serial_rivers_room_b,
          uniq_jessica
D:4:      layout_loops_corners, nemelex_spade_bored_becter, minivault_4,
          uniq_blork_the_orc
D:5:      layout_cave_pools, grunt_temple_overflow_open,
          minmay_temple_entry_enclosed_plants, st_stairs_12, grunt_ministairs_2,
          minmay_misc_feat_x, kennysheep_generic_room_12
D:6:      layout_rooms, nicolae_overflow_hidden_temple, fedhas_ov_isle_minmay,
          grunt_decor_junction
D:7:      minmay_angry_zag, layout_basic, serial_shops, shop, shop_statue, shop,
          nicolae_shop_crystal, shop_coins
D:8:      layout_layer_cave, nicolae_yredelemnul_ghost_church, st_stairs_1
D:9:      layout_basic, kennysheep_mini, erik_lair_orcish_takeover, the_hattery,
          uniq_erica
D:10:     layout_small_grid, st_stairs_7, hangedman_abyss_or_decor_slice,
          minmay_guarded_unrand_vampires_tooth, uniq_joseph

Skill      XL: |  1  2  3  4  5  6  7  8  9 10 |
---------------+-------------------------------+-----
Dodging        | 2 3 4 5 6 |  6.1
Armour         | 2 3 4 5 6 |  6.1
Axes           | 3 4 5 6 7 8 |  8.9
Fighting       | 4 5 7 8 9 |  9.7
Shields        | 1 2 3 4 5 |  5.5

Action                   |  1- 3 |  4- 6 |  7- 9 | 10-12 || total
-------------------------+-------+-------+-------+-------++-------
Melee: Hand axe          |   113 |   150 |       |       ||   263
       Kick              |    13 |    40 |   108 |    38 ||   199
       Headbutt          |       |     8 |    64 |    26 ||    98
       War axe           |       |    14 |   284 |   165 ||   463
Invok: Trog's Hand       |       |     4 |     6 |     7 ||    17
       Berserk           |       |     3 |     4 |     5 ||    12
  Use: Scroll            |       |     6 |     8 |     3 ||    17
       Potion            |       |     1 |     2 |     6 ||     9
Armor: Ring mail         |    46 |    53 |    84 |    64 ||   247
       Animal skin       |     1 |       |       |       ||     1
Dodge: Dodged            |    87 |    83 |   172 |    95 ||   437
Block: Other             |    24 |    10 |       |       ||    34
       Buckler           |       |    51 |   140 |       ||   191
       Kite shield       |       |       |    46 |   192 ||   238

Table legend: (Time is in decaauts)
 A = Elapsed time spent in this place.
 B = Non-inter-level travel time spent in this place.
 C = Inter-level travel time spent in this place.
 D = Time resting spent in this place.
 E = Time spent auto-exploring this place.
 F = Levels seen in this place.
 G = Mean time per level.
                   A        B        C        D        E       F      G
               +--------+--------+--------+--------+--------+-----+--------+
         Total |  12621 |  12242 |    379 |    787 |   9790 |  10 | 1262.1 |
       Dungeon |  12621 |  12242 |    379 |    787 |   9790 |  10 | 1262.1 |
               +--------+--------+--------+--------+--------+-----+--------+

Top non-repeatable levels by time:
     D:9: 2019 daAuts
     D:8: 1951 daAuts
     D:1: 1396 daAuts
     D:4: 1326 daAuts
     D:7: 1243 daAuts
     D:2: 1079 daAuts
     D:5: 1071 daAuts
     D:6: 995 daAuts
     D:3: 987 daAuts
    D:10: 550 daAuts
